 Dungeon Crawl Stone Soup version 0.30.0-5-g1a98f26d00 (webtiles) character file.

Game seed: 13279189015221768166

8561 Tyszek the Severer (level 11, -8/101 HPs)
             Began as a Minotaur Fighter on May 10, 2023.
             Mangled by a yak (12 damage)
             ... while paralysed by a hornet
             ... on level 9 of the Dungeon.
             The game lasted 00:16:45 (8683 turns).

Tyszek the Severer (Minotaur Fighter)               Turns: 8683, Time: 00:16:46

Health: -8/101     AC: 15    Str: 25    XL:     11   Next: 11%
Magic:  10/10      EV:  2    Int:  5    God:
Gold:   507        SH:  0    Dex: 10    Spells: 10/10 levels left

rFire   + . .        e - +0 demon whip (venom)
rCold   . . .        A - +1 tower shield
rNeg    . . .        d - +4 ring mail {rF+}
rPois   .            (helmet restricted)
rElec   .            (no cloak)
rCorr   .            m - +2 pair of gloves
SInv    +            q - +0 pair of boots
Will    .....        D - amulet of reflection Stlth
                     k - ring of see invisible
HPRegen 0.36/turn    (no ring)
MPRegen 0.12/turn

%: reflection
@: paralysed, slowed
A: horns 2, retaliatory headbutt
a: no special abilities


You were on level 9 of the Dungeon.
You visited 2 branches of the dungeon, and saw 10 of its levels.

You collected 507 gold pieces.

Inventory:

Hand Weapons
 a - a +0 war axe
 e - a +0 demon whip of venom (weapon)
 u - the +5 rapier "Byent" {protect, *Rage *Slow rCorr Int+7}
   (You found it on level 2 of the Dungeon)

   Int:       It affects your intelligence (+7).
   *Rage:     It berserks you when you make melee attacks (+20% chance).
   rCorr:     It protects you from acid and corrosion.
   *Slow:     It may slow you when you take damage.
Missiles
 s - a throwing net (quivered)
Armour
 d - a +4 ring mail of fire resistance (worn)
 m - a +2 pair of gloves (worn)
 q - a +0 pair of boots (worn)
 A - a +1 tower shield (worn)
Jewellery
 k - a ring of see invisible (left hand)
 D - an amulet of reflection (around neck)
 F - a ring of fire
Wands
 n - a wand of digging (9)
 y - a wand of quicksilver (7)
 E - a wand of flame (12)
 I - a wand of iceblast (4)
Scrolls
 b - a scroll of magic mapping
 g - 2 scrolls of teleportation
 h - 2 scrolls of blinking
 j - 2 scrolls of enchant armour
 o - a scroll of enchant weapon {unknown}
 r - 2 scrolls of amnesia
 w - a scroll of fog
 G - a scroll of identify
Potions
 c - a potion of magic {unknown}
 f - a potion of berserk rage
 i - 3 potions of heal wounds
 l - 3 potions of flight
 p - a potion of mutation
 t - 2 potions of curing {unknown}
 v - 2 potions of degeneration {unknown}
 x - 2 potions of attraction {unknown}
 z - 3 potions of invisibility {unknown}
 B - a potion of cancellation {unknown}
 C - 4 potions of brilliance {unknown}
 H - a potion of might


   Skills:
 * Level 10.6 Fighting
 - Level 15.1(15.3) Axes
 * Level 4.3(10.7) Maces & Flails
 + Level 7.7 Armour
 + Level 4.6 Dodging
 + Level 4.0 Shields


You had 10 spell levels left.
You didn't know any spells.
Your spell library contained the following spells:

 Spells                   Type           Power      Damage    Failure   Level
 Foxfire                  Conj/Fire      0%         2x1d4     99%         1
 Magic Dart               Conj           0%         1d3       99%         1
 Call Imp                 Summ           0%         N/A       99%         2
 Cigotuvi's Dreadful Rot  Necr/Pois/Air  0%         N/A       99%         2
 Ensorcelled Hibernation  Hex/Ice        0%         N/A       99%         2
 Static Discharge         Conj/Air       0%         2-2/arc   99%         2
 Ignite Poison            Fire/Tmut/Pois 0%         N/A       100%        3
 Mephitic Cloud           Conj/Pois/Air  0%         N/A       100%        3
 Portal Projectile        Hex/Tloc       0%         N/A       100%        3
 Spider Form              Tmut/Pois      0%         N/A       100%        3
 Stone Arrow              Conj/Erth      0%         3d7       100%        3
 Tukima's Dance           Hex            0%         N/A       100%        3
 Airstrike                Air            0%         2d(0-16)  100%        4
 Anguish                  Hex/Necr       0%         N/A       100%        4
 Animate Armour           Summ/Erth      0%         N/A       100%        4
 Passage of Golubria      Tloc           0%         N/A       100%        4
 Summon Lightning Spire   Summ/Air       0%         N/A       100%        4
 Blade Hands              Tmut           0%         N/A       100%        5
 Fireball                 Conj/Fire      0%         3d3       100%        5
 Freezing Cloud           Conj/Ice/Air   0%         6-21      100%        5
 Yara's Violent Unravell  Hex/Tmut       0%         3d3       100%        5
 Plasma Beam              Fire/Air       0%         2x1d11    100%        6
 Starburst                Conj/Fire      0%         6d3       100%        6
 Lehudib's Crystal Spear  Conj/Erth      0%         10d2      100%        8


Dungeon Overview and Level Annotations

Branches:
Dungeon (9/15)             Temple (1/1) D:7
   Lair: D:8-11         Orc: D:9-12

Altars:
Ashenzari
Cheibriados
Elyvilon
Fedhas
Gozag
Hepliaklqana
Kikubaaqudgha
Makhleb
Nemelex Xobeh
Okawaru
Qazlal
Ru
Sif Muna
Uskayaw
Vehumet
Wu Jian
Xom
Yredelemnul
Zin

Shops:
D:8 (


Innate Abilities, Weirdness & Mutations

You have a pair of horns on your head.
You reflexively headbutt those who attack you in melee.


Message History

You block the hornet's attack. You block the yak's attack. The yak gores you!
You hit the yak.
The yak looks as sick as possible!
The yak is severely wounded.
You block the hornet's attack. You block the yak's attack.
The yak barely misses you.
You thrash the yak!!
You kill the yak!
The hornet stings you!
You feel yourself slow down.
You closely miss the yak. You block the hornet's attack.
You block the yak's attack. The yak gores you! The yak barely misses you.
The hornet closely misses you.
You barely miss the yak.
You feel yourself speed up.
The hornet stings you but does no damage.
You block the yak's attack. x3; The hornet barely misses you.
The yak gores you but does no damage. x2; The yak barely misses you.
You whack the yak!
The yak is poisoned.
The yak is lightly wounded.
You block the hornet's attack. You block the yak's attack. x3
You barely miss the yak.
The yak is lightly wounded.
The hornet stings you.
You suddenly lose the ability to move!
The hornet stings you.
You feel yourself slow down. The yak gores you.
The yak gores you but does no damage. x2
The hornet stings you!
You feel as though you will be slow longer.
The yak gores you. x2; The yak gores you!
* * * LOW HITPOINT WARNING * * *
The hornet stings you but does no damage.
The yak gores you but does no damage. The yak gores you.
* * * LOW HITPOINT WARNING * * *
The hornet stings you!
* * * LOW HITPOINT WARNING * * *
You feel as though you will be slow longer.
The yak gores you but does no damage. The hornet stings you!
* * * LOW HITPOINT WARNING * * *
You feel as though you will be slow longer.
The yak gores you!
You die...

.........# .........#
######
.........##########...††
.........#......(.......
.........#..............
.........# .............
......†y.# #.....#.....
......Y@.# #.....#.....
......YY.####.....######
............'.....'[.)..
.........####.....######
##.####### #.....# #
#.....# #.....#
#########.....#
#.............#


You could see 3 yaks and a hornet.

Vanquished Creatures
  Amaemon (D:8)
  Pikel (D:6)
  Maurice (D:8)
  Joseph (D:8)
  An orange demon (D:8)
  Maggie (D:6)
  Prince Ribbit (D:6)
  8 yaks
  Eustachio (D:6)
  A wyvern (D:8)
  4 steam dragons
  A water moccasin (D:7)
  Duvessa (D:6)
  A black bear (D:6)
  An ice beast (D:6)
  4 ogres
  2 orc warriors
  6 centaurs
  A lemure (D:6)
  3 phantoms
  2 kobold brigands (D:7)
  8 bullfrogs
  2 scorpions
  4 wights (D:7)
  Dowan (D:6)
  4 killer bees (D:9)
  An electric eel (D:6)
  6 howler monkeys
  3 jellies
  7 orc priests
  5 hounds
  5 iguanas
  A sleepcap (D:4)
  11 orc wizards
  Robin (D:3)
  10 gnolls
  6 adders
  2 shadow imps
  A white imp (D:5)
  A worm (D:5)
  2 dart slugs
  33 orcs
  5 endoplasms
  7 giant cockroaches
  11 goblins
  4 hobgoblins
  2 jackals (D:1)
  17 kobolds
  6 quokkas
  6 ball pythons
  5 bats
  3 frilled lizards
  2 rats
225 creatures vanquished.

Vanquished Creatures (others)
  A bullfrog (D:6)
  An adder (D:6)
2 creatures vanquished.

Grand Total: 227 creatures vanquished

Notes
Turn   | Place    | Note
-------+----------+-------------------------------------------
     0 | D:1      | Tyszek the Minotaur Fighter began the quest for the Orb.
     0 | D:1      | Reached XP level 1. HP: 19/19 MP: 0/0
     3 | D:1      | Noticed an electric eel
     8 | D:1      | Noticed an electric eel
   129 | D:1      | Found a faded altar of an unknown god.
   151 | D:1      | Reached XP level 2. HP: 27/27 MP: 1/1
   964 | D:2      | Reached skill level 3 in Axes
   964 | D:2      | Reached XP level 3. HP: 31/33 MP: 2/2
  1219 | D:2      | Reached skill level 4 in Axes
  1219 | D:2      | Reached XP level 4. HP: 35/41 MP: 3/3
  1428 | D:2      | Identified the +5 rapier "Byent" {protect, *Rage *Slow
                  | rCorr Int+7}
  1984 | D:3      | Reached XP level 5. HP: 29/47 MP: 4/4
  1992 | D:3      | Reached skill level 5 in Axes
  2118 | D:3      | Noticed Robin
  2132 | D:3      | Killed Robin
  2303 | D:3      | Reached skill level 5 in Fighting
  2618 | D:4      | Reached skill level 6 in Axes
  2618 | D:4      | Reached XP level 6. HP: 49/56 MP: 5/5
  2787 | D:4      | Reached skill level 1 in Dodging
  2920 | D:4      | Reached skill level 5 in Armour
  3008 | D:4      | Found a shimmering altar of Xom.
  3016 | D:4      | Found a hide-covered altar of Uskayaw.
  3022 | D:4      | Found a burning altar of Makhleb.
  3330 | D:4      | Reached skill level 7 in Axes
  3339 | D:4      | Reached XP level 7. HP: 49/61 MP: 6/6
  3701 | D:5      | Entered Level 5 of the Dungeon
  3803 | D:5      | Reached skill level 8 in Axes
  4042 | D:5      | Reached XP level 8. HP: 69/70 MP: 7/7
  4057 | D:5      | Found a basalt altar of Yredelemnul.
  4094 | D:5      | Reached skill level 9 in Axes
  4620 | D:6      | Noticed Maggie
  4622 | D:6      | Noticed Duvessa
  4622 | D:6      | Noticed Dowan
  4635 | D:6      | Killed Maggie
  4636 | D:6      | Reached skill level 10 in Axes
  4642 | D:6      | Killed Dowan
  4644 | D:6      | Killed Duvessa
  4892 | D:6      | Noticed Pikel
  4893 | D:6      | Reached skill level 11 in Axes
  4893 | D:6      | Reached XP level 9. HP: 55/79 MP: 8/8
  4912 | D:6      | Killed Pikel
  5100 | D:6      | Noticed Eustachio
  5105 | D:6      | Reached skill level 12 in Axes
  5122 | D:6      | Killed Eustachio
  5555 | D:6      | Noticed Prince Ribbit
  5680 | D:6      | Killed Prince Ribbit
  5786 | D:7      | Reached skill level 13 in Axes
  5886 | D:7      | Reached XP level 10. HP: 80/90 MP: 9/9
  5982 | D:7      | Found a staircase to the Ecumenical Temple.
  6009 | Temple   | Entered the Ecumenical Temple
  6009 | Temple   | Noticed an orange demon
  6009 | Temple   | Noticed a Hell Sentinel
  6010 | Temple   | Noticed Doxathre the pandemonium lord
  6010 | Temple   | Noticed Geifrehicw the pandemonium lord
  6010 | Temple   | Noticed Dausauv the pandemonium lord
  6012 | Temple   | Noticed a green death
  6056 | Temple   | Noticed Fotewa the pandemonium lord
  6056 | Temple   | Noticed a blizzard demon
  6079 | Temple   | Noticed Zaom the pandemonium lord
  6101 | Temple   | Noticed an Ice Fiend
  6103 | Temple   | Noticed Feappits the pandemonium lord
  6824 | D:8      | Reached skill level 14 in Axes
  6908 | D:8      | Noticed Joseph
  6930 | D:8      | Killed Joseph
  7103 | D:8      | Noticed Maurice
  7126 | D:8      | Killed Maurice
  7357 | D:8      | Noticed Amaemon
  7357 | D:8      | Noticed an orange demon
  7372 | D:8      | Killed Amaemon
  7373 | D:8      | Reached skill level 10 in Fighting
  7378 | D:8      | Killed an orange demon
  7379 | D:8      | Reached skill level 15 in Axes
  7844 | D:8      | Found Qatitwuq's Antique Weapon Boutique.
  7898 | D:8      | Reached skill level 1 in Maces & Flails
  8194 | D:9      | Reached XP level 11. HP: 101/101 MP: 10/10
  8680 | D:9      | Paralysed by a hornet for 3 turns
  8683 | D:9      | HP: 4/101 [hornet (9)]
  8683 | D:9      | Mangled by a yak

Illustrated notes

Levels and vault maps discovered:
D:1:      arrival_aquarium_b, layout_basic,
          hellmonk_ecumenical_altar_heavens_door, serial_bayou,
          serial_bayou_pond_b, serial_bayou_pond_a, serial_bayou_pond_e,
          serial_bayou_ford_a, serial_bayou_pond_a, serial_bayou_pond_d,
          chequers_serial_rivers_large_a
D:2:      layout_basic, kennysheep_nondescript
D:3:      layout_loops_ring, skrybe_limestone_x, uniq_robin
D:4:      layout_loops_corners, grunt_temple_overflow_diamond
D:5:      layout_basic, mainiacjoe_overflow_paths
D:6:      layout_cave_pools, nrook_campfire, kennysheep_opposing_triangles,
          uniq_pikel, uniq_duvessa, uniq_maggie, uniq_prince_ribbit1,
          uniq_eustachio
D:7:      layout_cave_pods, temple_fountains, serial_glass, glass_columns_c,
          glass_columns_a, minmay_strange_pillars, feat_on_display,
          grunt_ministairs_1
D:8:      layout_cave_pods, serial_shops, nicolae_shop_crystal, uniq_joseph,
          uniq_maurice, uniq_amaemon
D:9:      layout_basic, david_orc_1_choice
Temple:   nicolae_temple_panitentiary

Skill      XL: |  1  2  3  4  5  6  7  8  9 10 11 |
---------------+----------------------------------+-----
Fighting       | 4 5 6 7 8 10 | 10.6
Axes           | 3 4 6 7 8 11 13 15 | 15.1
Armour         | 4 5 6 7 |  7.7
Dodging        | 1 2 3 4 |  4.6
Maces & Flails | 2 4 |  4.3
Shields        | 4 |  4.0

Action                     |  1- 3 |  4- 6 |  7- 9 | 10-12 || total
---------------------------+-------+-------+-------+-------++-------
  Melee: War axe           |    52 |   134 |   231 |   125 ||   542
         Headbutt          |    11 |    23 |    38 |    42 ||   114
         Demon whip        |       |       |       |    77 ||    77
    Use: Scroll            |       |       |    14 |       ||    14
         Potion            |       |       |     1 |     1 ||     2
 Armour: Scale mail        |    26 |    53 |    44 |       ||   123
         Ring mail         |       |       |    33 |    73 ||   106
  Dodge: Dodged            |    29 |    50 |    61 |    43 ||   183
  Block: Buckler           |    10 |    20 |       |       ||    30
         Tower shield      |       |    39 |   196 |   170 ||   405
         Reflection        |       |       |       |    23 ||    23
